 Dungeon Crawl Stone Soup version 0.28-a0-1199-gef9e1dbd39 (webtiles) character file.

Game seed: 15292686437765078536

3516 bearlyready the Transmogrifier (level 10, -8/80 HPs)
             Began as a Merfolk Transmuter on Dec 19, 2021.
             Was an Initiate of Ashenzari.
             Mangled by Gastronok (30 damage)
             ... on level 9 of the Dungeon.
             The game lasted 00:14:37 (7738 turns).

bearlyready the Transmogrifier (Merfolk Transmuter) Turns: 7738, Time: 00:14:37

Health: -8/80      AC:  7    Str: 12    XL:     10   Next: 8%
Magic:  0/13       EV: 11    Int: 12    God:    Ashenzari [......]
Gold:   519        SH:  0    Dex: 18    Spells: 3/13 levels left

rFire   x . .      SeeInvis .     - Unarmed
rCold   + + +      Faith    .   (shield currently unavailable)
rNeg    . . .      Spirit   +   (armour currently unavailable)
rPois   +          Reflect  .   (helmet currently unavailable)
rElec   .          Harm     .   (cloak currently unavailable)
rCorr   .          Rampage  .   (gloves currently unavailable)
Will    .....                   (boots currently unavailable)
Stlth   ++........              g - amulet of guardian spirit
HPRegen 0.23/turn               (no ring)
MPRegen 0.13/turn               (no ring)

@: ice-form, slowed, very slow
A: freezing attack, boosted hp, large, (nimble swimmer 2), (mertail)
a: End Transformation, Renounce Religion, Shatter the Chains


You were on level 9 of the Dungeon.
You worshipped Ashenzari.
Ashenzari was noncommittal.
You were a creature of crystalline ice.
You visited 2 branches of the dungeon, and saw 8 of its levels.

You collected 519 gold pieces.

Inventory:

Missiles
 m - a boomerang
 p - 30 poisoned darts
 u - 3 curare-tipped darts (quivered)
Armour
 a - a +0 robe (melded)
 d - a +0 pair of gloves (melded)
 e - the cursed +2 helmet of Ashenzari's Prison (melded) {Alch, Evo}
   (You took it off Robin on level 4 of the Dungeon)

   It has a curse which improves the following skills: Alchemy: Poison Magic and
   Transmutations.
   Evocations: Evocations.
Jewellery
 g - an amulet of guardian spirit (around neck)
 n - an amulet of magic regeneration
 o - a ring of fire
Scrolls
 b - 2 scrolls of immolation
 h - a scroll of identify
Potions
 c - 2 potions of curing {unknown}
 f - 2 potions of mutation
 j - 2 potions of berserk rage
 q - a potion of brilliance {unknown}
 r - a potion of resistance
 t - a potion of heal wounds


   Skills:
 + Level 2.0 Fighting
 - Level 2.6 Dodging
 + Level 10.6 Unarmed Combat
 - Level 2.0 Spellcasting
 + Level 12.2 Transmutations
 - Level 4.0 Ice Magic
 - Level 3.0 Poison Magic


You had 3 spell levels left.
You knew the following spells:

 Your Spells              Type           Power      Damage    Failure   Level
a - Beastly Appendage     Tmut           60%        N/A       1%          1
b - Wereblood             Tmut           30%        N/A       1%          2
c - Spider Form           Tmut/Pois      19%        N/A       3%          3
d - Ice Form              Ice/Tmut       20%        N/A       10%         4

Your spell library contained the following spells:

 Spells                   Type           Power      Damage    Failure   Level
 Ozocubu's Armour         Ice            10%        N/A       16%         3
 Animate Skeleton         Necr           2%         N/A       26%         1
 Apportation              Tloc           2%         N/A       26%         1
 Foxfire                  Conj/Fire      4%         2x1d4     26%         1
 Summon Small Mammal      Summ           4%         N/A       26%         1
 Sublimation of Blood     Necr           1%         N/A       38%         2
 Conjure Flame            Conj/Fire      1%         6-21      63%         3
 Inner Flame              Hex/Fire       1%         N/A       63%         3
 Lesser Beckoning         Tloc           1%         N/A       63%         3
 Dispel Undead            Necr           1%         3d6       95%         4
 Flame Wave               Conj/Fire      1%         2d4       95%         4
 Agony                    Necr           1%         N/A       100%        5
 Ozocubu's Refrigeration  Ice            5%         4d6       100%        7


Dungeon Overview and Level Annotations

Branches:
Dungeon (6/15)             Temple (1/1) D:6

Altars:
Ashenzari
Cheibriados
Elyvilon
Fedhas
Hepliaklqana
Kikubaaqudgha
Makhleb
Qazlal
Ru
Sif Muna
Trog
Uskayaw
Vehumet
Wu Jian
Xom
Yredelemnul
Zin
The Shining One

Shops:
D:1 =

Annotations:
D:9 Gastronok


Innate Abilities, Weirdness & Mutations

You are a creature of crystalline ice.
You have a powerful freezing melee attack.
Your maximum health is increased.
Your armour is entirely melded.
You are incapable of wielding weapons or throwing items.
((You are quick and stealthy near water. (Stealth+, EV+, Speed+++)))
((Your lower body shifts to a powerful aquatic tail in water.))


Message History

Gastronok casts a spell.
Gastronok puts on a burst of speed!
You punch Gastronok! You freeze Gastronok!
Gastronok is severely wounded.
The bat closely misses you. The bat hits you but does no damage.
The bat barely misses you. The rat closely misses you.
You hit Gastronok. You freeze Gastronok.
Gastronok is severely wounded.
Gastronok is no longer moving slowly.
The bat hits you but does no damage. x2
The rat barely misses you. Gastronok bites you!!
You hit Gastronok but do no damage.
Gastronok is severely wounded.
The bat hits you but does no damage. The bat closely misses you.
The rat bites you.
You punch Gastronok! You freeze Gastronok.
Gastronok is almost dead.
The bat hits you. The bat hits you but does no damage.
The rat bites you but does no damage.
Gastronok waves his eye-stalks in wide circles.
The air twists around and strikes you!
* * * LOW HITPOINT WARNING * * *
The bat hits you.
* * * LOW HITPOINT WARNING * * *
The bat hits you but does no damage. The rat bites you.
* * * LOW HITPOINT WARNING * * *
It was a potion of heal wounds.
You feel much better. The bat hits you but does no damage.
The bat closely misses you. The bat barely misses you.
The rat bites you but does no damage.
Gastronok waves his eye-stalks in wide circles.
The air twists around and strikes you!!
* * * LOW HITPOINT WARNING * * *
You pummel the rat!! You freeze the rat.
You kill the rat!
The rat's corpse disappears in a puff of smoke!
The bat barely misses you. The bat closely misses you.
You punch Gastronok! You freeze Gastronok.
Gastronok is almost dead.
The bat hits you but does no damage. The bat closely misses you.
Gastronok bites you!!
You die...

##.##### #.........#
..§....# #.....(...#
.§§....# #.........#
§§.....# #.........#
.......# #.........#
..o....# ###......b(.#
...o(..........b....!#
....o..### #.....w<..#
###.#### #####Y#####
.. #.# #.o #.# #.# #.#
######+## #.#
........# #.#
........# #.#
........# #.#


You could see Gastronok (swift, poisoned) and 2 bats.

Vanquished Creatures
  A two-headed ogre (D:9)
  Grinder (D:5)
  A steam dragon (D:6)
  An acid dragon (D:9)
  3 water moccasins
  2 ice beasts
  An orc warrior (D:9)
  An ogre (D:5)
  4 centaurs
  A phantom (D:5)
  6 scorpions
  4 wights (D:9)
  A howler monkey (D:6)
  A centaur zombie (D:9)
  A bullfrog zombie (D:6)
  3 hounds
  2 bullfrog skeletons (D:6)
  A jelly (D:6)
  2 orc priests
  5 iguanas
  An orc wizard (D:3)
  A hound skeleton (D:4)
  A mummy (D:5)
  3 howler monkey zombies (D:9)
  Robin (D:4)
  7 adders
  2 white imps (D:6)
  2 adder skeletons (D:4)
  2 worms
  4 dart slugs
  10 orcs
  5 bats
  5 endoplasms
  17 goblins
  8 hobgoblins
  9 jackals
  7 quokkas
  6 ball pythons
  A frilled lizard (D:3)
  8 kobolds
  4 rats
146 creatures vanquished.

Vanquished Creatures (collateral kills)
  A black bear (D:6)
  A centaur (D:6)
2 creatures vanquished.

Grand Total: 148 creatures vanquished

Notes
Turn   | Place    | Note
-------+----------+-------------------------------------------
     0 | D:1      | bearlyready the Merfolk Transmuter began the quest for the
                  | Orb.
     0 | D:1      | Reached XP level 1. HP: 15/15 MP: 3/3
   114 | D:1      | Reached skill level 3 in Transmutations
   121 | D:1      | Reached XP level 2. HP: 21/21 MP: 3/5
   189 | D:1      | Learned a level 2 spell: Wereblood
   396 | D:1      | Found a faded altar of an unknown god.
   402 | D:1      | Found Ulirruc's Jewellery Shoppe.
   855 | D:1      | Reached XP level 3. HP: 15/26 MP: 6/6
   859 | D:1      | Learned a level 3 spell: Spider Form
  1430 | D:2      | Reached skill level 4 in Transmutations
  1647 | D:2      | Reached skill level 1 in Poison Magic
  1647 | D:2      | Reached XP level 4. HP: 28/32 MP: 2/7
  2602 | D:3      | Reached XP level 5. HP: 34/37 MP: 2/8
  3018 | D:3      | Reached skill level 5 in Transmutations
  3318 | D:4      | Found a shimmering blue altar of Sif Muna.
  3427 | D:4      | Reached skill level 5 in Unarmed Combat
  3545 | D:4      | Noticed Robin
  3564 | D:4      | Reached XP level 6. HP: 43/43 MP: 5/9
  3627 | D:4      | Killed Robin
  3947 | D:5      | Entered Level 5 of the Dungeon
  3978 | D:5      | Reached skill level 6 in Transmutations
  4188 | D:5      | Reached XP level 7. HP: 35/48 MP: 6/10
  4304 | D:5      | Reached skill level 7 in Transmutations
  4740 | D:5      | Learned a level 4 spell: Ice Form
  4853 | D:5      | Found a snail-covered altar of Cheibriados.
  4909 | D:5      | Found a glowing silver altar of Zin.
  4979 | D:5      | Noticed Grinder
  4990 | D:5      | Paralysed by Grinder for 5 turns
  5009 | D:5      | Killed Grinder
  5010 | D:5      | Reached skill level 8 in Transmutations
  5010 | D:5      | Reached XP level 8. HP: 25/54 MP: 6/11
  5457 | D:5      | Found a bloodstained altar of Trog.
  5531 | D:5      | Got the Compendium of Sinister Rites and Orientation
  5671 | D:6      | Found a staircase to the Ecumenical Temple.
  5687 | Temple   | Entered the Ecumenical Temple
  6015 | Temple   | Became a worshipper of Ashenzari the Shackled
  6065 | D:6      | Reached skill level 9 in Transmutations
  6242 | D:6      | Reached XP level 9. HP: 59/59 MP: 12/12
  6249 | D:6      | Reached skill level 10 in Transmutations
  6572 | D:6      | You fall into a shaft and drop 3 floors!
  6631 | D:9      | Reached skill level 11 in Transmutations
  7167 | D:9      | Noticed a two-headed ogre
  7194 | D:9      | Killed a two-headed ogre
  7195 | D:9      | Reached skill level 10 in Unarmed Combat
  7195 | D:9      | Reached skill level 12 in Transmutations
  7195 | D:9      | Reached XP level 10. HP: 65/65 MP: 13/13
  7475 | D:9      | Identified the cursed +2 helmet of Ashenzari's Prison
                  | {Alch, Evo} (You took it off Robin on level 4 of the
                  | Dungeon)
  7718 | D:9      | Noticed Gastronok
  7738 | D:9      | Mangled by Gastronok

Illustrated notes

Levels and vault maps discovered:
D:1:      minmay_arrival_five_plusses, layout_rooms,
          ebering_ecumenical_altar_ruins, serial_shops, nicolae_shop_statue_plus
D:2:      layout_basic
D:3:      layout_basic, small_statue_intersection, lemuel_another_geyser
D:4:      layout_cave_pools, amcnicky_altar_gilded, uniq_robin
D:5:      cheibrodos_quashed, layout_basic, zin_academy, lemuel_doored_altar,
          slow_altar_2, uniq_grinder
D:6:      hangedman_cross_stitches, layout_basic, temple_pool_b, uniq_duvessa
D:9:      layout_roguey, uniq_gastronok
Temple:   minmay_temple_curvy_branch

Skill      XL: |  1  2  3  4  5  6  7  8  9 10 |
---------------+-------------------------------+-----
Transmutations | 3 4 5 6 8 9 12 | 12.2
Unarmed Combat | 4 5 7 8 10 | 10.6
Poison Magic   | 1 2 3 |  3.0
Ice Magic      | 2 4 |  4.0
Fighting       | 2 |  2.0
Dodging        | |  2.6
Spellcasting   | |  2.0

Action                   |  1- 3 |  4- 6 |  7- 9 | 10-12 || total
-------------------------+-------+-------+-------+-------++-------
Melee: Unarmed           |   108 |   189 |   163 |    37 ||   497
       Headbutt          |     8 |     1 |     1 |       ||    10
       Punch             |     1 |     4 |     3 |       ||     8
Throw: Dart              |       |       |    10 |     2 ||    12
 Cast: Beastly Appendage |     7 |     2 |     2 |       ||    11
       Spider Form       |     3 |    10 |    12 |       ||    25
       Wereblood         |     2 |     2 |     4 |       ||     8
       Ice Form          |       |       |     5 |     5 ||    10
Invok: Curse Item        |       |       |       |     1 ||     1
 Abil: End Transformatio |       |       |     1 |       ||     1
  Use: Scroll            |       |     4 |     5 |       ||     9
       Potion            |       |       |     3 |     1 ||     4
 Stab: Sleeping          |     2 |     2 |     1 |       ||     5
Armor: Robe              |    20 |    25 |    13 |       ||    58
       Skin              |       |     6 |    47 |    30 ||    83
Dodge: Dodged            |    80 |   132 |   124 |    21 ||   357

Table legend: (Time is in decaauts)
 A = Elapsed time spent in this place.
 B = Non-inter-level travel time spent in this place.
 C = Inter-level travel time spent in this place.
 D = Time resting spent in this place.
 E = Time spent auto-exploring this place.
 F = Levels seen in this place.
 G = Mean time per level.
                   A        B        C        D        E       F      G
               +--------+--------+--------+--------+--------+-----+--------+
         Total |   7678 |   7507 |    171 |    356 |   5687 |   8 |  959.8 |
       Dungeon |   7324 |   7202 |    122 |    356 |   5385 |   7 | 1046.3 |
        Temple |    353 |    304 |     49 |      0 |    302 |   1 |  353.0 |
               +--------+--------+--------+--------+--------+-----+--------+

Top non-repeatable levels by time:
     D:5: 1654 daAuts
     D:1: 1335 daAuts
     D:9: 1160 daAuts
     D:2: 1018 daAuts
     D:3: 835 daAuts
     D:4: 733 daAuts
     D:6: 586 daAuts
  Temple: 353 daAuts
